 Dungeon Crawl Stone Soup version 0.30-a0-1094-g860fb061e7 (webtiles) character file.

Game seed: 3205878139366780405

7198 Arzdou the Zephyrmancer (level 10, -1/71 HPs)
             Began as a Black Draconian Air Elementalist on Apr 17, 2023.
             Was a Believer of Sif Muna.
             Slain by a skeletal warrior
             ... wielding a +0 scimitar
              (15 damage)
             ... on level 9 of the Dungeon.
             The game lasted 00:35:52 (9568 turns).

Arzdou the Zephyrmancer (DrAE)                      Turns: 9568, Time: 00:35:53

Health: -1/71      AC:  9    Str: 11    XL:     10   Next: 87%
Magic:  18/21      EV: 12    Int: 31    God:    Sif Muna [**....]
Gold:   559        SH:  0    Dex: 12    Spells: 5/24 levels left

rFire   . . .      SeeInvis .    y - +0 quarterstaff
rCold   x . .      Faith    .    (shield currently unavailable)
rNeg    . . .      Spirit   .    (body armour unavailable)
rPois   .          Reflect  .    (helmet restricted)
rElec   +          Rampage  .    (no cloak)
rCorr   .                        b - +1 pair of gloves
Will    +....                    (no boots)
Stlth   ++                       p - amulet "Nidowou Hywn" {RegenMP rElec rC- Int+6}
HPRegen 0.31/turn                g - +6 ring of intelligence
MPRegen 0.57/turn                i - ring of willpower

@: swift, quick
A: breathe lightning, AC +7, unfitting armour, electricity resistance,
cold-blooded
a: Breathe Lightning, Renounce Religion, Channel Magic


You were on level 9 of the Dungeon.
You worshipped Sif Muna.
Sif Muna was pleased with you.
You visited 2 branches of the dungeon, and saw 12 of its levels.

You collected 559 gold pieces.

Inventory:

Hand Weapons
 u - a +0 dagger of speed
 y - a +0 quarterstaff (weapon)
Armour
 b - a +1 pair of gloves (worn)
 z - a +0 buckler
Jewellery
 g - a +6 ring of intelligence (left hand)
 i - a ring of willpower (right hand)
 k - an amulet of faith
 m - an amulet of guardian spirit
 p - the amulet "Nidowou Hywn" (around neck) {RegenMP rElec rC- Int+6}
   (You found it on level 2 of the Dungeon)

   [amulet of magic regeneration]

   It increases your rate of magic regeneration.
   Int:       It affects your intelligence (+6).
   rC:        It makes you vulnerable to cold.
   rElec:     It insulates you from electricity.
Scrolls
 d - a scroll of summoning {unknown}
 e - a scroll of poison {unknown}
 q - 2 scrolls of identify
 t - 3 scrolls of teleportation
 w - a scroll of fear
 x - 2 scrolls of enchant weapon {unknown}
 A - a scroll of brand weapon {unknown}
 B - a scroll of magic mapping {unknown}
Potions
 a - a potion of magic
 c - 5 potions of curing
 f - 2 potions of attraction
 h - 2 potions of mutation
 j - 3 potions of berserk rage
 l - a potion of resistance {unknown}
 n - a potion of brilliance {unknown}
 o - 3 potions of heal wounds
 r - 3 potions of haste
 s - a potion of flight {unknown}
 v - a potion of lignification {unknown}


   Skills:
 - Level 1.1 Fighting
 - Level 0.1 Short Blades
 + Level 0.1 Staves
 + Level 3.0 Dodging
 + Level 2.7 Stealth
 + Level 7.8 Spellcasting
 * Level 7.4 Conjurations
 * Level 0.4 Ice Magic
 + Level 13.8 Air Magic
 * Level 4.2 Invocations


You had 5 spell levels left.
You knew the following spells:

 Your Spells              Type           Power      Damage    Failure   Level
a - Arcjolt               Conj/Air       33%        1d43      1%          5
b - Static Discharge      Conj/Air       100%       2-7/arc   1%          2
c - Swiftness             Air            78%        N/A       1%          3
d - Passwall              Tmut/Erth      10%        N/A       6%          2
e - Airstrike             Air            39%        2d(6-22)  1%          4
f - Hailstorm             Conj/Ice       36%        3d9       2%          3

Your spell library contained the following spells:

 Spells                   Type           Power      Damage    Failure   Level
 Shock                    Conj/Air       100%       1d9       1%          1
 Vhi's Electric Charge    Tloc/Air       100%       N/A       1%          3
 Stone Arrow              Conj/Erth      70%        3d11      2%          3
 Sandblast                Erth           24%        2d8       4%          1
 Ensorcelled Hibernation  Hex/Ice        26%        N/A       5%          2
 Spider Form              Tmut/Pois      12%        N/A       12%         3
 Tukima's Dance           Hex            12%        N/A       12%         3
 Ice Form                 Ice/Tmut       13%        N/A       36%         4
 Anguish                  Hex/Necr       6%         N/A       38%         4
 Passage of Golubria      Tloc           12%        N/A       38%         4
 Yara's Violent Unravell  Hex/Tmut       6%         3d5       75%         5
 Maxwell's Capacitive Co  Air            39%        ∞         67%         8
 Simulacrum               Ice/Necr       6%         N/A       99%         6


Dungeon Overview and Level Annotations

Branches:
Dungeon (11/15)            Temple (1/1) D:4
   Lair: D:8-11         Orc: D:9-12

Altars:
Ashenzari
Cheibriados
Dithmenos
Elyvilon
Gozag
Hepliaklqana
Makhleb
Okawaru
Qazlal
Ru
Sif Muna
Trog
Uskayaw
Vehumet
Wu Jian
Xom
Yredelemnul
Zin
Lugonu

Shops:
D:6 *


Innate Abilities, Weirdness & Mutations

You can breathe wild blasts of lightning.
Your glossy black scales are hard. (AC +7)
You cannot fit into any form of body armour.
You are resistant to electric shocks. (rElec)
You are cold-blooded and may be slowed by cold attacks.


Message History

Confirm with . or Enter, or press ? or * to list all spells.
Okay, then.
Casting: Airstrike (safe; 1% risk of failure)
Confirm with . or Enter, or press ? or * to list all spells.
You feel quick. The boulder beetle barely misses you.
The boulder beetle leaps!
The yak bellows!
You hear a shout!
The boulder beetle curls into a ball and begins rolling!
The boulder beetle hits you!!
The boulder beetle stops rolling and uncurls.
There is a stone staircase leading up here.
You climb upwards.
There is a stone staircase leading down here.
You start resting.
You start to feel a little slower.
You start resting.
You feel sluggish.
You start resting.
You start to feel a little faster.
You start resting.
You no longer feel sluggish.
You start resting.
HP restored.
Items here: ( ))) [.
There is a stone staircase leading down here.
You climb downwards.
There is a stone staircase leading up here.
A boulder beetle is nearby!
The skeletal warrior hits you with a +0 scimitar!!
The skeletal warrior attacks as you move away!
The skeletal warrior hits you with a +0 scimitar.
The boulder beetle curls into a ball and begins rolling!
The skeletal warrior hits you with a +0 scimitar!!
* * * LOW HITPOINT WARNING * * *
Okay, then.
Casting: Swiftness (safe; 1% risk of failure)
Confirm with . or Enter, or press ? or * to list all spells.
You feel quick.
The skeletal warrior hits you with a +0 scimitar!
You die...

Y# #..#.....#.#.#............#...
YYFy#.#...###.#[#.............##.
#..Y##.#.#.#..................
..Y#.#.###)# #.#.......P........
# #..#.....###.#...>.#..........
#. #.......#.#...####......... ..
###.Z.F.Z.#......°......... .
###.#####.....○..........
.......@z...B...##.##.##
........####......####..##
#.....##.. ###.....# #...#
#......# .. ##....# ##.##
.......# >. ###.## #.# ....=..
### ###


You could see a boulder beetle (rolling) and a skeletal warrior.

Vanquished Creatures
  Pikel (D:4)
  Maggie (D:7)
  2 unseen horror zombies (D:9)
  Psyche (D:8)
  Prince Ribbit (D:9)
  A shadow (D:9)
  A basilisk (D:9)
  A yak (D:9)
  2 steam dragons
  Menkaure (D:4)
  2 water moccasins
  An orc warrior (D:6)
  3 ice beasts
  A sky beast (D:7)
  2 black bears
  A centaur (D:11)
  2 phantoms
  4 lemures
  2 kobold brigands
  3 bullfrogs
  2 necrophages (D:7)
  A scorpion (D:6)
  3 wyvern zombies
  21 wights
  12 killer bees
  3 howler monkeys
  3 centaur zombies
  2 bullfrog zombies (D:7)
  7 hounds
  A human zombie (D:7)
  2 orc priests
  A jelly (D:6)
  2 gnoll boudas
  2 sleepcaps
  4 iguanas
  5 orc wizards
  A killer bee zombie (D:7)
  A mummy (D:7)
  2 howler monkey zombies
  4 adders
  9 gnolls
  3 shadow imps (D:5)
  A white imp (D:6)
  2 worms
  2 dart slugs
  19 orcs
  5 endoplasms (D:4)
  2 giant cockroaches
  11 goblins
  14 hobgoblins
  10 jackals
  6 quokkas
  6 ball pythons
  2 bats
  4 frilled lizards
  13 kobolds
  6 rats
227 creatures vanquished.

Vanquished Creatures (others)
  A golden eye (shapeshifter) (D:9)
  22 fungi (D:10)
  15 plants (D:10)
38 creatures vanquished.

Grand Total: 265 creatures vanquished

Notes
Turn   | Place    | Note
-------+----------+-------------------------------------------
     0 | D:1      | Arzdou the Draconian Air Elementalist began the quest for
                  | the Orb.
     0 | D:1      | Reached XP level 1. HP: 14/14 MP: 3/3
   232 | D:1      | Reached XP level 2. HP: 20/20 MP: 1/5
   794 | D:1      | Reached XP level 3. HP: 26/26 MP: 1/6
  1694 | D:2      | Identified the amulet "Nidowou Hywn" {RegenMP rElec rC-
                  | Int+6}
  2143 | D:3      | Learned a level 2 spell: Static Discharge
  2227 | D:3      | Reached skill level 4 in Air Magic
  2292 | D:3      | Reached XP level 4. HP: 33/33 MP: 4/7
  2557 | D:3      | Found a sacrificial altar of Ru.
  2755 | D:3      | Found a snail-covered altar of Cheibriados.
  2992 | D:4      | Reached XP level 5. HP: 13/38 MP: 4/8
  3410 | D:4      | Noticed Menkaure
  3423 | D:4      | Learned a level 3 spell: Swiftness
  3426 | D:4      | Learned a level 2 spell: Passwall
  3585 | D:4      | Found a staircase to the Ecumenical Temple.
  3603 | Temple   | Entered the Ecumenical Temple
  3642 | Temple   | Became a worshipper of Sif Muna the Loreminder
  3825 | D:4      | Reached skill level 5 in Air Magic
  3983 | D:4      | Reached XP level 6. HP: 45/45 MP: 6/10
  4030 | D:5      | Entered Level 5 of the Dungeon
  4030 | D:5      | Noticed Pikel
  4157 | D:5      | Noticed an ice beast
  4183 | D:5      | Killed an ice beast
  4304 | D:4      | Killed Menkaure
  4305 | D:4      | Your scales start taking on a glossy black colour.
  4305 | D:4      | Reached skill level 7 in Air Magic
  4305 | D:4      | Reached XP level 7. HP: 51/51 MP: 8/12
  4305 | D:4      | Gained mutation: You are resistant to electric shocks.
                  | (rElec) [Black Draconian growth]
  4310 | D:4      | Learned a level 4 spell: Airstrike
  4696 | D:4      | Killed Pikel
  4697 | D:4      | Reached skill level 5 in Conjurations
  4697 | D:4      | Reached skill level 8 in Air Magic
  4697 | D:4      | Reached XP level 8. HP: 44/58 MP: 5/14
  5042 | D:6      | Found an ornate altar of the Wu Jian Council.
  5136 | D:6      | Reached * piety under Sif Muna
  5143 | D:6      | Reached skill level 9 in Air Magic
  5273 | D:6      | Found Zin's Purification Station.
  5276 | D:6      | Found a glowing silver altar of Zin.
  5649 | D:6      | Reached skill level 5 in Spellcasting
  5726 | D:6      | Reached skill level 10 in Air Magic
  6065 | D:6      | Reached XP level 9. HP: 27/63 MP: 14/17
  6270 | D:7      | Learned a level 3 spell: Hailstorm
  6302 | D:7      | Reached ** piety under Sif Muna
  6345 | D:7      | Reached skill level 11 in Air Magic
  6390 | D:7      | Noticed Maggie
  6400 | D:7      | Killed Maggie
  7009 | D:7      | Found a basalt altar of Yredelemnul.
  7064 | D:8      | Found a bloodstained altar of Trog.
  7064 | D:8      | You fall into a shaft and drop 3 floors!
  7111 | D:11     | Reached skill level 12 in Air Magic
  7254 | D:10     | Entered Level 10 of the Dungeon
  7282 | D:10     | Reached skill level 1 in Invocations
  7295 | D:10     | Reached skill level 1 in Fighting
  7596 | D:9      | Noticed Prince Ribbit
  7688 | D:9      | Reached XP level 10. HP: 42/71 MP: 17/19
  7871 | D:9      | Killed Prince Ribbit
  8073 | D:8      | Reached skill level 13 in Air Magic
  8212 | D:8      | Found a burning altar of Makhleb.
  8289 | D:8      | Reached *** piety under Sif Muna
  8402 | D:8      | Noticed Psyche
  8404 | D:8      | Killed Psyche
  8421 | D:8      | Learned a level 5 spell: Arcjolt
  8759 | D:8      | Found a broken altar of Ashenzari.
  8951 | D:9      | Found a shadowy altar of Dithmenos.
  9218 | D:9      | Noticed a skeletal warrior
  9304 | D:9      | Noticed a boulder beetle
  9568 | D:9      | Slain by a skeletal warrior

Illustrated notes

Levels and vault maps discovered:
D:1:      dpeg_arrival_more_subterranean_lakeside_camping, layout_rooms
D:2:      layout_basic, st_stairs_7, dreamdust_wishing_well
D:3:      layout_loops_ring, mainiacjoe_overflow_concentric_impassable,
          mainiacjoe_overflow_cross_hatched, hex_tiny
D:4:      layout_loops_ring, temple_statues, uniq_menkaure
D:5:      layout_rooms, wad_floor_pattern_untrapped, minmay_strange_pillars,
          uniq_pikel
D:6:      layout_basic, mainiacjoe_overflow_small_starburst, zin_purify
D:7:      layout_rooms, lemuel_mausoleum_altar_yredelemnul,
          nicolae_concentric_dashed_squares_wild, serial_bayou_pond_a,
          uniq_maggie
D:8:      layout_cave_pools, evilmike_ruin_ashenzari, overflow_temple_1_default,
          lemuel_crystal_altar, uniq_psyche
D:9:      minmay_the_grid_3x3 [minmay_the_grid_expand,
          minmay_the_grid_tiny_cups, minmay_the_grid_stretched_grid,
          minmay_the_grid_paths, minmay_the_grid_outer_diamond,
          minmay_the_grid_zigzag_pyramid, minmay_the_grid_gridbox,
          minmay_the_grid_fan, minmay_the_grid_prize_four_corners],
          layout_cave_pools, nicolae_dithmenos_the_darkroom,
          nemelex_xobeh_ov_fountains_minmay, mainiacjoe_overflow_paths,
          serial_undead, serial_undead_d, serial_undead_d, serial_undead_a,
          serial_undead_d, serial_undead_c, serial_undead_d, serial_undead_d,
          chequers_serial_rivers_micro_e, water_boxes_lemuel,
          uniq_prince_ribbit1
D:10:     layout_roguey, mainiacjoe_overflow_brackets, tso_metal_star,
          grunt_lair_entry_orc_guard_hut, serial_shops, nicolae_lakefront_shop,
          minmay_microvault, uniq_erolcha, uniq_harold, uniq_snorg
D:11:     layout_irregular_city
Temple:   corrupted_temple

Skill      XL: |  1  2  3  4  5  6  7  8  9 10 |
---------------+-------------------------------+-----
Dodging        | 2 3 |  3.0
Stealth        | 2 |  2.7
Air Magic      | 4 5 7 8 10 12 13 | 13.8
Conjurations   | 2 3 4 5 6 7 |  7.4
Spellcasting   | 3 4 5 6 7 |  7.8
Invocations    | 2 4 |  4.2
Fighting       | 1 |  1.1
Short Blades   | |  0.1
Staves         | |  0.1
Ice Magic      | |  0.4

Action                     |  1- 3 |  4- 6 |  7- 9 | 10-12 || total
---------------------------+-------+-------+-------+-------++-------
  Melee: Unarmed           |    35 |       |       |       ||    35
         Tailslap          |     5 |     2 |    22 |       ||    29
         Dagger            |     5 |     6 |   148 |       ||   159
         Quarterstaff      |       |       |     1 |       ||     1
   Cast: Shock             |   107 |    72 |    59 |       ||   238
         Static Discharge  |     1 |    28 |    18 |     6 ||    53
         Swiftness         |       |     1 |     4 |     2 ||     7
         Airstrike         |       |       |    82 |    67 ||   149
         Passwall          |       |       |     1 |       ||     1
         Hailstorm         |       |       |     1 |     1 ||     2
 Invoke: Channel Magic     |       |       |     1 |       ||     1
         Forget Spell      |       |       |       |     1 ||     1
Ability: Breathe Lightning |       |       |     3 |     4 ||     7
    Use: Scroll            |       |     8 |     3 |       ||    11
         Potion            |       |       |     2 |     1 ||     3
 Armour: Skin              |    25 |    12 |   100 |    26 ||   163
  Dodge: Dodged            |    50 |    15 |   146 |    48 ||   259

Table legend: (Time is in decaauts)
 A = Elapsed time spent in this place.
 B = Non-inter-level travel time spent in this place.
 C = Inter-level travel time spent in this place.
 D = Time resting spent in this place.
 E = Time spent auto-exploring this place.
 F = Levels seen in this place.
 G = Mean time per level.
                   A        B        C        D        E       F      G
               +--------+--------+--------+--------+--------+-----+--------+
         Total |   9531 |   9027 |    504 |   1655 |   5689 |  12 |  794.2 |
       Dungeon |   9480 |   8986 |    494 |   1655 |   5658 |  11 |  861.8 |
        Temple |     51 |     41 |     10 |      0 |     31 |   1 |   51.0 |
               +--------+--------+--------+--------+--------+-----+--------+

Top non-repeatable levels by time:
     D:8: 1236 daAuts
     D:1: 1158 daAuts
     D:4: 1133 daAuts
     D:3: 1082 daAuts
     D:7: 1009 daAuts
     D:2: 1000 daAuts
     D:6: 974 daAuts
     D:5: 615 daAuts
    D:10: 592 daAuts
     D:9: 487 daAuts
    D:11: 189 daAuts
  Temple: 51 daAuts
